 Dungeon Crawl Stone Soup version 0.31-a0-152-g6aa68a64a1 (webtiles) character file.

Game seed: 15023986054056798070

106 tilp the Sneak (level 4, 0/32 HPs)
             Began as a Vampire Enchanter on June 10, 2023.
             Frozen to death by an endoplasm (2 damage)
             ... in a sewer.
             The game lasted 00:04:06 (2256 turns).

tilp the Sneak (Vampire Enchanter)                  Turns: 2256, Time: 00:04:06

Health: 0/32       AC:  4    Str:  7    XL:     4   Next: 55%
Magic:  0/8        EV: 12    Int: 19    God:
Gold:   62         SH:  0    Dex: 14    Spells: 0/8 levels left

rFire   . . .        a - +1 dagger
rCold   . . .        (no shield)
rNeg    . . .        n - +0 robe
rPois   .            m - +1 helmet
rElec   .            (no cloak)
rCorr   .            (no gloves)
SInv    +            (no boots)
Will    .....        (no amulet)
Stlth   ++           (no ring)
HPRegen 0.45/turn    (no ring)
MPRegen 0.11/turn

%: no passive effects
@: very slightly contaminated, healing quickly, invisible, very slow
A: alive, fangs 3, see invisible, vampiric 2
a: Exsanguinate


You were in a sewer.
You visited 1 branch of the dungeon, and saw 3 of its levels.
You also visited: Sewer.

You collected 101 gold pieces.
You spent 39 gold pieces at shops.

Inventory:

Hand Weapons
 a - a +1 dagger (weapon)
 b - a +1 short sword of flaming
 i - the +1 spear of Agony {antimagic, Str+4 Int+4}
   (You found it on level 3 of the Dungeon)

   Str:       It affects your strength (+4).
   Int:       It affects your intelligence (+4).
Missiles
 g - 4 poisoned darts (quivered)
Armour
 m - a +1 helmet (worn)
 n - a +0 robe (worn)
Scrolls
 e - a scroll of enchant weapon {unknown}
 f - 3 scrolls of teleportation {unknown}
 j - 2 scrolls of immolation {unknown}
 l - a scroll of poison {unknown}
Potions
 d - a potion of lignification
 h - a potion of resistance
 k - a potion of enlightenment


   Skills:
 * Level 1.5 Fighting
 * Level 2.3 Short Blades
 + Level 2.7 Dodging
 + Level 4.9 Stealth
 * Level 2.8 Spellcasting
 + Level 4.9 Hexes


You couldn't memorise any spells.
You knew the following spells:

 Your Spells              Type           Power      Damage    Failure   Level
a - Ensorcelled Hibernat  Hex/Ice        24%        N/A       9%          2
b - Confusing Touch       Hex            21%        N/A       6%          3
c - Tukima's Dance        Hex            21%        N/A       6%          3

Your spell library contained the following spells:

 Spells                   Type           Power      Damage    Failure   Level
 Dazzling Flash           Conj/Hex       24%        N/A       17%         3


Dungeon Overview and Level Annotations

Branches:
Dungeon (3/15)              Sewer (1/1)

Altars:

Shops:
D:1 ??

Annotations:
D:2 Sigmund


Innate Abilities, Weirdness & Mutations

Your natural rate of healing is accelerated.
You have razor-sharp teeth.
You have supernaturally acute eyesight. (SInv)
You are afflicted with vampirism and can become a bat while bloodless.


Message History

Your hands begin to glow red.
The endoplasm hits you but does no damage.
The kobold brigand hits you but does no damage.
Unknown command.
You barely miss the kobold brigand. The endoplasm misses you.
The kobold brigand closely misses you.
You closely miss the kobold brigand. The endoplasm freezes you.
You are frozen.
* * * LOW HITPOINT WARNING * * *
The kobold brigand hits you but does no damage.
You closely miss the kobold brigand.
You hit the kobold brigand but do no damage.
You punch the kobold brigand.
The kobold brigand is lightly wounded.
The kobold brigand closely misses you. The endoplasm freezes you.
You are frozen.
* * * LOW HITPOINT WARNING * * *
You fade into invisibility!
The endoplasm splashes around in the water.
The kobold brigand barely misses you.
Unknown command.
You closely miss the kobold brigand.
The kobold brigand is lightly wounded.
The kobold brigand barely misses you.
The endoplasm splashes around in the water.
You hit the kobold brigand but do no damage.
The kobold brigand appears confused.
The kobold brigand is lightly wounded.
The endoplasm splashes around in the water.
The kobold brigand hits you with a +0 dagger.
* * * LOW HITPOINT WARNING * * *
Unknown command.
You catch the helpless kobold brigand completely off-guard!
You puncture the kobold brigand!
The kobold brigand is heavily wounded.
The endoplasm freezes you.
You are frozen.
You die...

##~.~##
#.~~~~#
#~###~#
#~# #~#
##~###.##
#~.~#~~~#
#~#~#~#~#
#~#J#)#~#
#J#@#~#~#
#.#K#.#.#
#########


You could see a kobold brigand (confused) and an endoplasm.

Vanquished Creatures
  3 adders (D:2)
  3 river rats
  A dart slug (D:2)
  A worm (D:2)
  An orc (D:3)
  4 ball pythons
  3 bats
  3 endoplasms
  3 giant cockroaches
  6 goblins
  5 hobgoblins
  3 jackals (D:3)
  A frilled lizard (D:2)
  3 kobolds
  5 rats
45 creatures vanquished.

Notes
Turn   | Place    | Note
-------+----------+-------------------------------------------
     0 | D:1      | tilp the Vampire Enchanter began the quest for the Orb.
     0 | D:1      | Reached XP level 1. HP: 13/13 MP: 3/3
   167 | D:1      | Found Nithra's Magic Scroll Emporium.
   175 | D:1      | Bought a scroll of noise for 13 gold pieces
   213 | D:1      | Reached XP level 2. HP: 10/20 MP: 5/5
   330 | D:1      | Found Ricapt's Magic Scroll Shop.
   396 | D:1      | Learned a level 2 spell: Ensorcelled Hibernation
   402 | D:1      | Found Genikaeg's Magic Scroll Boutique.
   746 | D:2      | Gained mutation: You are afflicted with vampirism and can
                  | become a bat while bloodless. [Vampire growth]
   746 | D:2      | Reached XP level 3. HP: 25/25 MP: 6/6
   750 | D:2      | Learned a level 3 spell: Confusing Touch
   807 | D:2      | Reached skill level 1 in Fighting
   905 | D:2      | Found a faded altar of an unknown god.
  1045 | D:2      | Noticed Sigmund
  1895 | D:1      | Bought a scroll of identify for 26 gold pieces
  1997 | D:3      | Reached XP level 4. HP: 32/32 MP: 7/7
  2002 | D:3      | Learned a level 3 spell: Tukima's Dance
  2033 | D:3      | Identified the +1 spear of Agony {antimagic, Str+4 Int+4}
  2063 | D:3      | Found a glowing drain.
  2157 | Sewer    | Entered a sewer
  2230 | Sewer    | Noticed a kobold brigand
  2255 | Sewer    | HP: 1/32 [kobold brigand/+0 dagger (3)]
  2256 | Sewer    | Frozen to death by an endoplasm

Illustrated notes

Levels and vault maps discovered:
D:1:      scummos_arrival_star, layout_basic, serial_shops,
          nicolae_shop_behind_doors, shop, shop
D:2:      layout_basic, serial_rivers, chequers_serial_rivers_micro_b,
          chequers_serial_rivers_large_a, chequers_serial_rivers_micro_b,
          chequers_serial_rivers_micro_b,
          hellmonk_ecumenical_altar_pennies_from_heaven, corexii_corridor_pit,
          grunt_ministairs_7, kennysheep_generic_room_11, uniq_sigmund
D:3:      layout_basic, nicolae_dithmenos_shadow_blocks, portal_sewer_entry_c,
          minmay_mini_jars, uniq_natasha
Sewer:    sewer_co_tree

Skill      XL: |  1  2  3 |
---------------+----------+-----
Fighting       | 1 |  1.5
Short Blades   | 2 |  2.3
Dodging        | |  2.7
Stealth        | |  4.9
Spellcasting   | |  2.8
Hexes          | |  4.9

Action                     |  1- 3 |  4- 6 || total
---------------------------+-------+-------++-------
  Melee: Dagger            |    94 |    64 ||   158
         Bite              |     8 |     3 ||    11
         Punch             |     1 |     2 ||     3
   Cast: Ensorcelled Hiber |    14 |     6 ||    20
         Confusing Touch   |       |     1 ||     1
    Use: Potion            |     1 |     1 ||     2
         Scroll            |     3 |       ||     3
   Stab: Invisible         |     1 |       ||     1
         Sleeping          |    16 |     2 ||    18
         Confused          |       |     1 ||     1
 Armour: Robe              |    14 |    16 ||    30
  Dodge: Dodged            |    47 |    33 ||    80

Table legend: (Time is in decaauts)
 A = Elapsed time spent in this place.
 B = Non-inter-level travel time spent in this place.
 C = Inter-level travel time spent in this place.
 D = Time resting spent in this place.
 E = Time spent auto-exploring this place.
 F = Levels seen in this place.
 G = Mean time per level.
                   A        B        C        D        E       F      G
               +--------+--------+--------+--------+--------+-----+--------+
         Total |   2261 |   2099 |    162 |     34 |   1532 |   4 |  565.2 |
       Dungeon |   2152 |   1990 |    162 |     13 |   1485 |   3 |  717.3 |
         Sewer |    109 |    109 |      0 |     21 |     47 |   1 |  109.0 |
               +--------+--------+--------+--------+--------+-----+--------+

Top non-repeatable levels by time:
     D:2: 1287 daAuts
     D:1: 658 daAuts
     D:3: 206 daAuts
   Sewer: 109 daAuts
